 Dungeon Crawl Stone Soup version 0.27-a0-1196-g3e9cee4cb2 (webtiles) character file.

Game seed: 7052031258215856973

37 streetpizza the Ducker (level 3, 0/29 HPs)
             Began as a Djinni Gladiator on May 29, 2021.
             Splashed by a jelly's acid (9 damage)
             ... on level 1 of the Dungeon.
             The game lasted 00:03:15 (1210 turns).

streetpizza the Ducker (Djinni Gladiator)           Turns: 1210, Time: 00:03:15

Health: 0/29       AC: -4    Str: 13    XL:     3   Next: 62%
Gold:   69         EV: 13    Int:  9    God:
                   SH:  0    Dex: 15

rFire    + + .     SeeInvis .   a - +0 long sword
rCold    x . .     Faith    .   (no shield)
rNeg     . . .     Spirit   .   b - +0 leather armour
rPois    ∞         Reflect  .   c - +0 helmet
rElec    .         Harm     .   (no cloak)
rCorr    .         Rampage  .   (no gloves)
Will     .....                  (boots unavailable)
Stlth    +.........             (no amulet)
HPRegen  0.09/turn              (no ring)
MPRegen  0.00/turn              (no ring)

@: corroded, flying
A: sickness immunity, fire resistance 2, cold vulnerability 1, float, innate
caster, hp casting, extra vitality 1
a: no special abilities


You were on level 1 of the Dungeon.
You visited 1 branch of the dungeon, and saw 1 of its levels.

You collected 69 gold pieces.

Inventory:

Hand Weapons
 a - a +0 long sword (weapon)
Missiles
 d - 3 throwing nets (quivered)
Armour
 b - a +0 leather armour (worn)
 c - a +0 helmet (worn)
Jewellery
 e - a +6 ring of dexterity
Scrolls
 h - a scroll of identify {unknown}
 i - a scroll of teleportation {unknown}
Potions
 f - a potion of haste {unknown}
 g - a potion of curing {unknown}


   Skills:
 + Level 2.5 Fighting
 + Level 3.0 Long Blades
 - Level 1.5 Throwing
 + Level 3.7 Dodging
 + Level 0.9 Spellcasting


You had 2 spell levels left.
You knew the following spells:

 Your Spells              Type           Power      Damage    Failure   Level
a - Sandblast             Erth           4%         2d4       32%         1
Your spell library was empty.

Dungeon Overview and Level Annotations

Branches:
Dungeon (1/15)

Altars:


Innate Abilities, Weirdness & Mutations

You are immune to sickness and miasma.
You are immune to poison.
Your flesh is very heat resistant. (rF++)
You are vulnerable to cold. (rC-)
You float through the air rather than walking.
You learn spells naturally, not from books.
Your magical power is your life essence.
You have superior vitality. (+4 HP)


Message History

The rat bites you but does no damage.
You closely miss the rat. The rat completely misses you.
The giant cockroach waves its antennae.
You hit the rat but do no damage. The rat barely misses you.
You hit the rat.
You kill the rat!
The giant cockroach bites you but does no damage.
You slash the giant cockroach!
You kill the giant cockroach!
The giant cockroach barely misses you.
You closely miss the giant cockroach.
The giant cockroach completely misses you.
You riposte.
You hit the giant cockroach.
You kill the giant cockroach!
The rat closely misses you.
You riposte.
The jelly quivers.
You hit the rat.
You kill the rat!
You barely miss the endoplasm. The endoplasm freezes you.
You are frozen!
You feel a terrible chill!
You slash the endoplasm!
You kill the endoplasm!
You slash the jelly! The acid corrodes you!
Your hands burn!
The jelly is heavily wounded.
The jelly hits you. The acid corrodes you!
You are splashed with acid!
* * * LOW HITPOINT WARNING * * *
The jelly completely misses you.
You riposte.
You hit the jelly but do no damage.
The jelly is heavily wounded.
You are no longer corroded.
You see here a +0 club.
You see here a bat skeleton.
The endoplasm quivers.
Items here: ††††††.
The rat twitches its whiskers.
You hit the jelly but do no damage. The acid corrodes you!
Your hands burn!
The jelly is moderately wounded.
The jelly hits you. The acid corrodes you!
You are splashed with acid!
You die...

.# #..#......<......#.....#####
.# #..'⌠....###....⌠+.....#
.#####..#.............#.....#####
..#.....#######'#######..........
#.#.###.#..r.....B....#...#######
#.#.###J#......J......#...#
.....##.#.............#...#
#.......###############.###
.............J.J@.......#########
...........##########............
.............# #..##########
...)....####.# #..# #######
.......## #.# #..# #......
#.....## #†# #..####.#####
#....##### #.########........#
#........# #...).............#
#.######.# ##########.######.#


You could see a jelly and an endoplasm.

Vanquished Creatures
  A dart slug (D:1)
  A ball python (D:1)
  2 bats (D:1)
  3 endoplasms (D:1)
  10 giant cockroaches (D:1)
  A hobgoblin (D:1)
  3 quokkas (D:1)
  2 frilled lizards (D:1)
  2 goblins (D:1)
  A kobold (D:1)
  3 rats (D:1)
29 creatures vanquished.

Vanquished Creatures (others)
  A giant cockroach (D:1)
1 creature vanquished.

Grand Total: 30 creatures vanquished

Notes
Turn   | Place    | Note
-------+----------+-------------------------------------------
     0 | D:1      | streetpizza the Djinni Gladiator began the quest for the
                  | Orb.
     0 | D:1      | Reached XP level 1. HP: 18/18 MP: 0/0
     0 | D:1      | Noticed a jelly
     1 | D:1      | Found a runed translucent door.
   376 | D:1      | Reached XP level 2. HP: 23/23 MP: 0/0
   928 | D:1      | Reached XP level 3. HP: 24/29 MP: 0/0
   928 | D:1      | Learned a level 1 spell: Sandblast
  1210 | D:1      | Splashed by a jelly's acid

Illustrated notes

Levels and vault maps discovered:
D:1:      dpeg_arrival_caged_fury, layout_loops_ring, minmay_statues_item

Skill      XL: |  1  2  3 |
---------------+----------+-----
Long Blades    | 3 |  3.0
Fighting       | |  2.5
Throwing       | |  1.5
Dodging        | |  3.7
Spellcasting   | |  0.9

Action                   || total
-------------------------++-------
Melee: Long sword        ||    65
Armor: Leather armour    ||    25
Dodge: Dodged            ||    37
       Rpst.: Long sword ||    17

Table legend: (Time is in decaauts)
 A = Elapsed time spent in this place.
 B = Non-inter-level travel time spent in this place.
 C = Inter-level travel time spent in this place.
 D = Time resting spent in this place.
 E = Time spent auto-exploring this place.
 F = Levels seen in this place.
 G = Mean time per level.
                   A        B        C        D        E       F      G
               +--------+--------+--------+--------+--------+-----+--------+
         Total |   1226 |   1203 |     23 |     15 |    913 |   1 | 1226.0 |
       Dungeon |   1226 |   1203 |     23 |     15 |    913 |   1 | 1226.0 |
               +--------+--------+--------+--------+--------+-----+--------+

Top non-repeatable levels by time:
     D:1: 1226 daAuts
